 Dungeon Crawl Stone Soup version 0.31-a0-1027-gfb7600b (webtiles) character file.

Game seed: 12865557006940387939

127103 PurpleRed the Severer (level 16, -6/104 HPs)
             Began as a Deep Elf Fighter on Nov 17, 2023.
             Was a High Priest of Okawaru.
             Mangled by a +0 glaive of venom (24 damage)
             ... on level 2 of the Elven Halls.
             The game lasted 01:27:28 (29852 turns).

PurpleRed the Severer (Deep Elf Fighter)           Turns: 29852, Time: 01:27:28

Health: -6/104     AC: 33    Str: 25    XL:     16   Next: 45%
Magic:  23/24      EV: 16    Int: 17    God:    Okawaru [*****.]
Gold:   208        SH: 20    Dex: 21    Spells: 15/15 levels left

rFire   + + .        U - +9 broad axe (freeze)
rCold   + + .        s - +2 shield of Resistance {rF++ rC++ Will++}
rNeg    + . .        I - +4 plate armour {Will+}
rPois   +            f - +2 helmet {Int+3}
rElec   +            e - +1 cloak
rCorr   .            y - +2 pair of gloves {Dex+3}
SInv    +            V - +2 pair of boots of the Equinox {+Blink rN+}
Will    +++++        z - amulet of reflection Stlth
                     o - +6 ring of strength
HPRegen 0.37/turn    J - ring of Olupash {rElec Will+ Int-2 Dex+4 SInv}
MPRegen 0.19/turn

%: reflection
@: heroic
A: poison resistance, teleportitis 1, wild magic 1
a: Renounce Religion, Evoke Blink, Heroism, Finesse, Duel


You were on level 2 of the Elven Halls.
You worshipped Okawaru.
Okawaru was extremely pleased with you.
You visited 5 branches of the dungeon, and saw 25 of its levels.
You visited the Abyss 1 time.
You also visited: Bailey, Gauntlet and Ice Cave.

You collected 2484 gold pieces.
You spent 2276 gold pieces at shops.

Inventory:

Hand Weapons
 i - a +2 war axe of flaming
 t - a +2 vampiric hand axe
 U - a +9 broad axe of freezing (weapon)
Missiles
 p - 37 javelins
 H - 7 throwing nets
 K - 11 curare-tipped darts
Armour
 e - a +1 cloak (worn)
 f - a +2 helmet of intelligence (worn)
 s - the +2 shield of Resistance (worn) {rF++ rC++ Will++}
   (You bought it in a shop on level 7 of the Dungeon)

   rF++:      It greatly protects you from fire.
   rC++:      It greatly protects you from cold.
   Will++:    It greatly increases your willpower.
 x - the +1 kite shield "Asitaroemo" {rPois rCorr Dex-3}
   (You took it off a minotaur in a Gauntlet)

   Dex-3:     It affects your dexterity (-3).
   rPois:     It protects you from poison rCorr: It protects you from acid and
   corrosion.
 y - a +2 pair of gloves of dexterity (worn)
 I - a +4 plate armour of willpower (worn)
 N - the +5 ring mail "Uneliu" {rC+ Str+2}
   (You found it on level 10 of the Dungeon)

   Str+2:     It affects your strength (+2).
   rC+:       It protects you from cold.
 S - +0 ice dragon scales
 V - the +2 pair of boots of the Equinox (worn) {+Blink rN+}
   (Okawaru gifted it to you on level 2 of the Lair of Beasts)

   rN+:       It protects you from negative energy.
   +Blink:    It lets you blink.
Jewellery
 b - a ring of ice
 h - a +6 ring of strength
 o - a +6 ring of strength (left hand)
 z - an amulet of reflection (around neck)
 A - a ring of protection from fire
 F - a ring of resist corrosion
 J - the ring of Olupash (right hand) {rElec Will+ Int-2 Dex+4 SInv}
   (You took it off a minotaur in a Gauntlet)

   [ring of see invisible]

   Int-2:     It affects your intelligence (-2).
   Dex+4:     It affects your dexterity (+4).
   rElec:     It insulates you from electricity.
   Will+:     It increases your willpower.
   SInv:      It lets you see invisible.
Wands
 j - a wand of mindburst (17)
 G - a wand of paralysis (26)
 Q - a wand of flame (22)
 X - a wand of acid (13)
 Z - a wand of iceblast (12)
Scrolls
 g - 8 scrolls of fog
 k - 7 scrolls of teleportation
 m - 2 scrolls of summoning
 q - 2 scrolls of blinking
 C - a scroll of amnesia
 E - 2 scrolls of enchant armour
 M - 4 scrolls of immolation
 W - 3 scrolls of enchant weapon
 Y - 11 scrolls of identify
Potions
 a - 3 potions of ambrosia
 c - a potion of heal wounds
 d - 4 potions of might
 l - 3 potions of mutation
 n - 2 potions of lignification
 u - 2 potions of invisibility
 v - 2 potions of magic
 w - 3 potions of enlightenment
 B - 5 potions of resistance
 D - 6 potions of haste
 L - 4 potions of brilliance
 O - 2 potions of cancellation
 P - 6 potions of curing
 R - a potion of attraction
Miscellaneous
 r - a phial of floods


   Skills:
 + Level 13.1(18.1) Fighting
 * Level 17.8(22.8) Axes
 - Level 8.0(13.0) Armour
 - Level 10.0(15.0) Dodging
 + Level 6.6(11.6) Shields
 - Level 8.0 Invocations


You had 15 spell levels left.
You didn't know any spells.
Your spell library contained the following spells:

 Spells                   Type           Power      Damage    Failure   Level
 Shock                    Conj/Air       0%         1d3       98%         1
 Cigotuvi's Dreadful Rot  Necr/Pois/Air  0%         N/A       99%         2
 Hailstorm                Conj/Ice       0%         3d3       100%        3
 Mephitic Cloud           Conj/Pois/Air  0%         N/A       100%        3
 Anguish                  Hex/Necr       0%         N/A       100%        4
 Cause Fear               Hex            0%         N/A       100%        4
 Dispel Undead            Necr           0%         3d6       100%        4
 Manifold Assault         Tloc           0%         N/A       100%        4
 Fireball                 Conj/Fire      0%         3d3       100%        5
 Iskenderun's Battlesphe  Conj           0%         2d6       100%        5
 Dispersal                Tloc           0%         N/A       100%        6
 Enfeeble                 Hex            0%         N/A       100%        7
 Disjunction              Tloc           0%         N/A       100%        8
 Summon Ice Beast         Ice/Summ       Unusable   N/A       N/A         4
 Death Channel            Necr           Unusable   N/A       N/A         6
 Simulacrum               Ice/Necr       Unusable   N/A       N/A         6

Dungeon Overview and Level Annotations

Branches:
Dungeon (15/15)            Temple (1/1) D:5            Lair (5/5) D:11
 Shoals (0/4) Lair:3       Spider (0/4) Lair:3        Slime (0/5) Lair:5
    Orc (2/2) D:10            Elf (2/3) Orc:2        Vaults (0/5) D:14
 Depths (0/4) D:15         Bailey (visited)           IceCv (visited)
Gauntlet (visited)

Altars:
Ashenzari
Cheibriados
Dithmenos
Elyvilon
Fedhas
Gozag
Hepliaklqana
Kikubaaqudgha
Makhleb
Nemelex Xobeh
Okawaru
Qazlal
Ru
Sif Muna
Trog
Uskayaw
Vehumet
Wu Jian
Xom
Yredelemnul
Zin
The Shining One
Lugonu

Shops:
D:2 (   D:3 :   D:5 [   D:7 *![*   D:9 *   D:12 *   Orc:2 (=(:   Elf:1 !

Portals:
Abyss: Lair:5

Annotations:
Orc:2 1 runed translucent door, wqsa789's ghost, journeyman MfGl
Elf:2 5 runed translucent doors


Innate Abilities, Weirdness & Mutations

Your system is resistant to poisons. (rPois)
You are occasionally teleported next to monsters.
Your spells are a little harder to cast, but a little more powerful.


Message History

Found a scroll of enchant weapon.
The +0 glaive of venom hits you but does no damage.
You block the +0 glaive of venom's attack.
The +0 glaive of venom attacks as it pursues you!
The +0 glaive of venom hits you from afar!
* * * LOW HITPOINT WARNING * * *
The +0 glaive of venom attacks as it pursues you!
The +0 glaive of venom hits you from afar!!
* * * LOW HITPOINT WARNING * * *
You feel much better.
You block the +0 glaive of venom's attack.
The +0 glaive of venom hits you from afar.
You are poisoned.
You feel very sick.
The +0 glaive of venom closely misses you.
You gain the combat prowess of a mighty hero.
You feel sick. The +0 glaive of venom hits you.
* * * LOW HITPOINT WARNING * * *
You slash the +0 glaive of venom!
The +0 glaive of venom is moderately damaged.
You feel sick.
You block the +0 glaive of venom's attack.
You closely miss the +0 glaive of venom.
The +0 glaive of venom is moderately damaged.
You feel sick.
You block the +0 glaive of venom's attack.
You barely miss the +0 glaive of venom.
The +0 glaive of venom is moderately damaged.
You feel sick. The +0 glaive of venom hits you!
* * * LOW HITPOINT WARNING * * *
You slash the +0 glaive of venom!
The +0 glaive of venom is moderately damaged.
You feel sick.
You block the +0 glaive of venom's attack.
You closely miss the +0 glaive of venom.
The +0 glaive of venom is moderately damaged.
You feel sick.
You block the +0 glaive of venom's attack.
You feel better. The +0 glaive of venom hits you!!
You die...

.....#...........# #...#..# ....
#.........# ...##...#... #.)##
##........## ...##...#...
#)..###....).....# ....##...####
..)..#....))()...###....##.......
..)........)))....#.....##.......
........................##...####
#..........##...........##...#...
#.........####.(@...??..##^..#...
...........##...........##...#..)
........................##...#...
..................#.....##...#...
#....#...........###....##...####
#(..###..........# ....##.......
...# #........## ...##.......
....... ...##....... ########


You could see a +0 glaive of venom.

Vanquished Creatures
  Rupert (Lair:3)
  A deep elf blademaster (Elf:2)
  Frances (D:13)
  A tentacled starspawn (Abyss:1)
  A deep elf sorcerer (Elf:1)
  A lorocyproca (Abyss:1)
  A minotaur (Gauntlet)
  A green death (Gauntlet)
  An ice dragon (Lair:1)
  2 hydras (Lair:5)
  3 vault guards (D:14)
  Harold (D:9)
  A centaur warrior (D:14)
  A boulder beetle (D:13)
  2 catoblepae (D:13)
  3 two-headed ogres
  15 dancing weapons
  6 death yaks (Lair:5)
  7 deep elf knights
  3 orc high priests (Orc:2)
  Sonja (D:13)
  3 thrashing horrors (Lair:5)
  A skyshark (Lair:5)
  A shadow wraith (Abyss:1)
  An orange crystal statue (D:14)
  7 skeletal warriors
  A flayed ghost (Abyss:1)
  7 deep elf archers (Elf:1)
  2 necromancers (D:14)
  Pikel (D:7)
  A lindwurm (Lair:5)
  18 deep elf pyromancers
  15 deep elf zephyrmancers
  An arcanist (D:14)
  5 orc knights
  3 cyclopes
  8 ugly things
  4 manticores
  An oklob plant (Lair:5)
  7 orc sorcerers
  3 black mambas
  4 elephants (Lair:2)
  3 ice statues (IceCv)
  5 smoke demons
  14 cane toads
  A gargoyle (D:13)
  Maggie (D:7)
  3 orange demons
  5 large abominations
  Joseph (D:10)
  5 komodo dragons
  A komodo dragon (shapeshifter) (D:13)
  An unseen horror (D:13)
  A kobold demonologist (D:12)
  5 rime drakes (Lair:1)
  A freezing wraith (D:14)
  An ice devil (Lair:1)
  2 ancient zymes (Abyss:1)
  An efreet (D:14)
  An anaconda simulacrum (Lair:1)
  The ghost of Speno the Trooper, a novice VSFi (D:5)
  4 trolls
  6 meliai (D:13)
  A silent spectre (Abyss:1)
  2 hornets
  7 raiju
  3 polar bears
  19 blink frogs
  10 flying skulls (Abyss:1)
  A dire elephant simulacrum (IceCv)
  A spriggan (Lair:5)
  A shadow (D:10)
  An air elemental (Elf:2)
  4 centaur simulacra (Gauntlet)
  2 wraiths
  A vampire (D:12)
  15 small abominations
  A fire elemental (Elf:1)
  A water elemental (D:11)
  A golden eye (Abyss:1)
  2 ynoxinuls
  5 basilisks
  6 starcursed masses (Abyss:1)
  A chaos spawn (Lair:5)
  A neqoxec (Abyss:1)
  34 yaks
  A yak (shapeshifter) (Lair:5)
  18 humans (D:14)
  Grum (Lair:1)
  2 vampire mosquitoes (D:14)
  2 wyverns
  2 steam dragons
  A redback (shapeshifter) (D:14)
  A death yak simulacrum (Lair:1)
  A harpy simulacrum (IceCv)
  A warg (shapeshifter) (Lair:5)
  3 wargs
  2 acid dragons
  13 water moccasins
  A hydra simulacrum (IceCv)
  32 orc warriors
  2 ice beasts
  A black bear (Lair:2)
  3 boggarts (D:14)
  3 ogres
  22 wolves
  23 centaurs
  A phantom (D:5)
  2 kobold brigands
  13 bullfrogs
  A gnoll sergeant (D:9)
  5 scorpions
  2 cane toad simulacra
  3 earth elementals
  4 wights (D:8)
  An elephant simulacrum (IceCv)
  18 killer bees
  2 electric eels (Lair:3)
  3 howler monkeys (D:9)
  A crimson imp (D:8)
  2 quasits (Abyss:1)
  Crazy Yiuf (D:2)
  2 gnoll boudas
  4 hounds (D:11)
  8 jellies
  18 orc priests
  An iron imp (Abyss:1)
  2 iguanas (D:5)
  21 orc wizards
  2 polar bear simulacra
  A wolf simulacrum (IceCv)
  2 adders
  2 naga simulacra (Lair:1)
  10 gnolls
  6 shadow imps
  20 white imps
  10 ufetubi
  2 worms (D:2)
  2 dart slugs
  91 orcs
  11 endoplasms
  2 giant cockroaches (D:2)
  5 goblins
  2 hobgoblins
  5 jackals (D:1)
  15 kobolds
  5 quokkas
  3 ball pythons
  2 bats
  3 frilled lizards
  3 goblin skeletons (D:8)
  A hobgoblin zombie (D:8)
  A kobold zombie (D:8)
  2 orc zombies (D:8)
  5 rats
  A spectral weapon (Elf:2)
795 creatures vanquished.

Vanquished Creatures (others)
  An ufetubus (Abyss:1)
  A lurking horror (Abyss:1)
  4 starspawn tentacles (Abyss:1)
6 creatures vanquished.

Grand Total: 801 creatures vanquished

Notes
Turn   | Place    | Note
-------+----------+-------------------------------------------
     0 | D:1      | PurpleRed the Deep Elf Fighter began the quest for the Orb.
     0 | D:1      | Reached XP level 1. HP: 13/13 MP: 3/3
   121 | D:1      | Reached skill level 2 in Axes
   197 | D:1      | Found a faded altar of an unknown god.
   268 | D:1      | Reached XP level 2. HP: 18/18 MP: 4/4
   942 | D:2      | Reached XP level 3. HP: 16/22 MP: 5/5
  1205 | D:2      | Found Dizenott's Antique Weapon Boutique.
  1362 | D:2      | Found a runed translucent door.
  1363 | D:2      | Noticed Crazy Yiuf
  1949 | D:3      | Reached skill level 3 in Axes
  1973 | D:3      | Found Qonke's Book Shoppe.
  2250 | D:3      | Reached XP level 4. HP: 24/28 MP: 6/6
  2490 | D:4      | Found an ancient bone altar of Kikubaaqudgha.
  2854 | D:4      | Reached XP level 5. HP: 27/32 MP: 7/7
  2863 | D:4      | Found an ornate altar of the Wu Jian Council.
  3017 | D:4      | Reached skill level 1 in Dodging
  3076 | D:5      | Entered Level 5 of the Dungeon
  3076 | D:5      | Found a runed translucent gate.
  3076 | D:5      | Found a runed translucent gate.
  3086 | D:4      | Reached skill level 4 in Axes
  3136 | D:5      | Reached XP level 6. HP: 38/38 MP: 8/8
  3267 | D:5      | Found a staircase to the Ecumenical Temple.
  3304 | Temple   | Entered the Ecumenical Temple
  3332 | Temple   | Became a worshipper of Warmaster Okawaru
  3417 | D:5      | Found Xatwuon's Armour Shoppe.
  3421 | D:5      | Bought a +1 pair of gloves of dexterity for 198 gold pieces
  3444 | D:5      | Noticed a +0 dagger
  3444 | D:5      | Noticed a +0 dagger
  3447 | D:5      | Found a hide-covered altar of Uskayaw.
  3504 | D:5      | Found a runed translucent gate.
  3770 | D:5      | Reached XP level 7. HP: 43/43 MP: 9/9
  3805 | D:5      | Noticed Speno's ghost (novice VSFi)
  3806 | D:5      | Identified the +7 dagger of Dishonesty {speed, rPois rC+
                  | Str+3 Dex+2}
  3806 | D:5      | Identified the +3 scale mail of Tyosy {Str+4}
  3843 | D:5      | Reached skill level 5 in Axes
  4623 | D:6      | Found a white marble altar of Elyvilon.
  4629 | D:6      | Reached * piety under Okawaru
  4814 | D:6      | Reached skill level 6 in Axes
  4814 | D:6      | Reached XP level 8. HP: 48/48 MP: 10/10
  4976 | D:7      | Found Vecwyjat's Assorted Antiques.
  5028 | D:7      | Reached skill level 5 in Dodging
  5028 | D:7      | Reached skill level 1 in Invocations
  5133 | D:7      | Reached skill level 5 in Fighting
  5396 | D:7      | Noticed Pikel
  5407 | D:7      | Killed Pikel
  5407 | D:7      | Reached ** piety under Okawaru
  5408 | D:7      | Reached skill level 7 in Axes
  5461 | D:7      | Reached XP level 9. HP: 33/54 MP: 13/13
  5605 | D:7      | Found Vof Gyug's Distillery.
  5616 | D:7      | Bought a potion of heal wounds for 65 gold pieces
  5616 | D:7      | Bought a potion of degeneration for 13 gold pieces
  5689 | D:7      | Found Nurut's Antique Armour Shoppe.
  5704 | D:7      | Bought a glowing chain mail for 180 gold pieces
  5747 | D:7      | Noticed Maggie
  5758 | D:7      | Killed Maggie
  5776 | D:7      | Found Buretim's Lightly-Used Armoury.
  6054 | D:7      | Found an opulent altar of Gozag.
  6054 | D:7      | Found a sparkling altar of Nemelex Xobeh.
  6175 | D:8      | Found a glowing golden altar of the Shining One.
  6355 | D:8      | Reached skill level 8 in Axes
  6595 | D:8      | Reached *** piety under Okawaru
  6596 | D:8      | Reached skill level 5 in Invocations
  7107 | D:9      | Noticed Harold
  7128 | D:9      | Killed Harold
  7129 | D:9      | Reached skill level 9 in Axes
  7129 | D:9      | Reached XP level 10. HP: 25/61 MP: 13/15
  7130 | D:9      | Reached **** piety under Okawaru
  7409 | D:9      | Found a flagged portal.
  7416 | Bailey   | Entered a bailey
  7977 | Bailey   | Reached skill level 10 in Axes
  7991 | Bailey   | HP: 1/63 [orc warrior/+0 glaive (16)]
  9389 | D:9      | Reached ***** piety under Okawaru
  9530 | D:9      | Found Ropuyl's General Store.
  9534 | D:9      | Identified the +1 flail of Earthquakes {drain, rElec Int+3}
 10218 | D:9      | Found a burning altar of Makhleb.
 10218 | D:9      | Noticed an Executioner
 10241 | D:10     | Entered Level 10 of the Dungeon
 10289 | D:10     | Reached XP level 11. HP: 60/68 MP: 16/16
 10295 | D:10     | Reached skill level 11 in Axes
 10360 | D:10     | Noticed a two-headed ogre
 10369 | D:10     | Killed a two-headed ogre
 10440 | D:10     | Noticed Joseph
 10458 | D:10     | Killed Joseph
 10567 | D:10     | Found a staircase to the Orcish Mines.
 10570 | D:10     | Identified the +5 ring mail "Uneliu" {rC+ Str+2}
 10648 | D:10     | Found a broken altar of Ashenzari.
 10898 | D:10     | Paralysed by a hornet for 3 turns
 10910 | D:10     | Paralysed by a hornet for 1 turns
 10916 | D:10     | HP: 5/102 [hornet (11)]
 11445 | D:11     | Received a gift from Okawaru
 11450 | D:11     | Found a staircase to the Lair.
 11499 | D:11     | Found a white marble altar of Elyvilon.
 11695 | D:11     | Noticed a green ugly thing
 11719 | D:11     | Killed a green ugly thing
 12350 | D:12     | Noticed a deep elf pyromancer
 12369 | D:12     | Killed a deep elf pyromancer
 12571 | D:12     | Noticed a red ugly thing
 12571 | D:12     | Noticed a deep elf pyromancer
 12576 | D:12     | Killed a deep elf pyromancer
 12583 | D:12     | Killed a red ugly thing
 12592 | D:12     | Noticed a cyan ugly thing
 12593 | D:12     | Noticed a skeletal warrior
 12593 | D:12     | Noticed a skeletal warrior
 12616 | D:12     | Killed a cyan ugly thing
 12794 | D:12     | Reached skill level 12 in Axes
 12947 | D:12     | Identified the +0 scale mail "Hamp" {rPois}
 13073 | D:12     | Received a gift from Okawaru
 13167 | D:12     | Noticed a skeletal warrior
 13270 | D:12     | Noticed a two-headed ogre
 13320 | D:12     | Killed a two-headed ogre
 13406 | Lair:1   | Entered Level 1 of the Lair of Beasts
 13460 | Lair:1   | Reached XP level 12. HP: 59/76 MP: 17/17
 14350 | Lair:1   | Noticed an ice dragon
 14378 | Lair:1   | Killed an ice dragon
 14657 | Lair:1   | Noticed Grum
 14660 | Lair:1   | Received a gift from Okawaru
 14666 | Lair:1   | Killed Grum
 15133 | Lair:2   | Reached skill level 5 in Armour
 15139 | Lair:2   | Reached skill level 13 in Axes
 15351 | Lair:2   | Reached ****** piety under Okawaru
 15351 | Lair:2   | Received a gift from Okawaru
 15354 | Lair:2   | Acquired the +2 pair of boots of the Equinox {+Blink rN+}
 15354 | Lair:2   | Received a gift from Okawaru
 15531 | Lair:2   | Reached XP level 13. HP: 70/82 MP: 18/18
 15636 | Lair:2   | Reached skill level 10 in Fighting
 16169 | Lair:3   | Noticed Rupert
 16181 | Lair:3   | Killed Rupert
 16182 | Lair:3   | Reached skill level 5 in Shields
 16209 | Lair:3   | You fall into a shaft and drop 2 floors!
 16209 | Lair:5   | Entered Level 5 of the Lair of Beasts
 16283 | Lair:5   | Found a staircase to the Slime Pits.
 16628 | Lair:5   | Received a gift from Okawaru
 16890 | Lair:5   | Identified the +3 chain mail of the Bequeathed God {Int+6}
 16930 | Lair:5   | Reached skill level 14 in Axes
 17424 | Lair:5   | Received a gift from Okawaru
 17501 | Lair:4   | Found a frozen archway.
 17666 | IceCv    | Entered an ice cave
 18322 | Lair:5   | Received a gift from Okawaru
 18497 | Lair:5   | Reached XP level 14. HP: 85/88 MP: 21/21
 18753 | Lair:5   | Found a corrupted altar of Lugonu.
 18753 | Lair:5   | Found a one-way gate to the infinite horrors of the Abyss.
 18768 | Lair:5   | Identified the blade talisman "Malufokai" {rPois Str+4
                  | Int+2 Dex-4}
 19347 | Lair:4   | Received a gift from Okawaru
 19511 | Lair:3   | Reached skill level 15 in Axes
 19525 | Lair:3   | Found a hole to the Spider Nest.
 19973 | Lair:3   | Found a staircase to the Shoals.
 20672 | D:12     | Found Xoyssoh's Mayhem Merchandise.
 21069 | D:13     | Noticed Sonja
 21086 | D:13     | Killed Sonja
 21729 | D:13     | Received a gift from Okawaru
 22122 | D:13     | Noticed Frances
 22133 | D:13     | Killed Frances
 22743 | D:15     | Entered Level 15 of the Dungeon
 22845 | D:14     | Found a gate leading to a gauntlet.
 22854 | Gauntlet | Entered a Gauntlet
 22854 | Gauntlet | Found a transporter.
 22854 | Gauntlet | Found a transporter.
 22855 | Gauntlet | Found a transporter.
 22857 | Gauntlet | Found a transporter.
 22858 | Gauntlet | Found a transporter.
 22858 | Gauntlet | Found a transporter.
 22869 | Gauntlet | Found a transporter.
 22873 | Gauntlet | Found a transporter.
 22875 | Gauntlet | Found a transporter.
 22875 | Gauntlet | Found a transporter.
 22883 | Gauntlet | Found a transporter.
 22888 | Gauntlet | Found a transporter.
 23366 | Gauntlet | Identified the ring of Biockoh {Fire Stlth+}
 23377 | Gauntlet | Identified the +2 flail of Infinite Pain {antimagic, *Noise
                  | rElec rPois Int+8}
 23377 | Gauntlet | Identified the +1 kite shield "Asitaroemo" {rPois rCorr
                  | Dex-3}
 23377 | Gauntlet | Identified the ring of Olupash {rElec Will+ Int-2 Dex+4
                  | SInv}
 23435 | Gauntlet | Identified the +3 ring mail "Ylyj" {Contam rPois rN+}
 23626 | D:14     | Received a gift from Okawaru
 23654 | D:14     | Reached XP level 15. HP: 49/96 MP: 22/22
 23949 | D:14     | Reached skill level 16 in Axes
 23965 | D:14     | Found a gate to the Vaults.
 24648 | D:2      | Killed Crazy Yiuf
 24800 | D:5      | Killed Speno's ghost
 24800 | D:5      | Received a gift from Okawaru
 24970 | Orc:1    | Entered Level 1 of the Orcish Mines
 25187 | Orc:2    | Entered Level 2 of the Orcish Mines
 25251 | Orc:2    | Found a staircase to the Elven Halls.
 25673 | Orc:2    | Found a runed translucent door.
 25674 | Orc:2    | Found a shimmering altar of Xom.
 25674 | Orc:2    | Noticed wqsa789's ghost (journeyman MfGl)
 25697 | Orc:2    | Found a radiant altar of Vehumet.
 25966 | Abyss:1  | Cast into level 1 of the Abyss (orc sorcerer)
 26333 | Abyss:1  | Noticed a tentacled starspawn
 26353 | Abyss:1  | Killed a tentacled starspawn
 26651 | Abyss:1  | Gained mutation: You sometimes lose your temper in combat.
                  | [a neqoxec]
 26654 | Abyss:1  | Gained mutation: You occasionally lose the ability to read
                  | scrolls when taking damage. [a neqoxec]
 26655 | Abyss:1  | Gained mutation: Armour fits poorly on your strangely
                  | shaped body. [a neqoxec]
 26705 | Abyss:1  | Noticed a revenant
 26707 | Abyss:1  | Noticed a bone dragon
 26720 | Abyss:1  | Found a corrupted altar of Lugonu.
 26720 | Abyss:1  | Found a corrupted altar of Lugonu.
 26732 | Abyss:1  | HP: 2/94 [spectral harpy[a revenant] (10)]
 26875 | Abyss:1  | Found a corrupted altar of Lugonu.
 26881 | Abyss:1  | Received a gift from Okawaru
 27124 | Orc:2    | Escaped the Abyss
 27137 | Orc:2    | Reached skill level 10 in Dodging
 27149 | Orc:2    | Found Rimp's Book Shoppe.
 27598 | Orc:2    | Gained mutation: You are weak. (Str -2) [a neqoxec]
 27599 | Orc:2    | Gained mutation: You are very weak. (Str -4) [a neqoxec]
 27698 | Orc:2    | Found Nietogoa's Jewellery Boutique.
 27704 | Orc:2    | Found Udoot's Weapon Boutique.
 27706 | Orc:2    | Found Uguo's Weapon Shoppe.
 27973 | D:7      | Bought the +2 shield of Resistance {rF++ rC++ Will++} for
                  | 1692 gold pieces
 27973 | D:7      | Found the +2 shield of Resistance {rF++ rC++ Will++}
 28124 | Desolati | Identified the "Apsastasoss"
 28124 | Desolati | Identified the "Abofiaske"
 28124 | Desolati | Identified the of Moishrew
 28124 | Vaults:5 | Identified the "Zotenaqu"
 28124 | Vaults:5 | Identified the "Gahaquut"
 28124 | WizLab   | Identified the "Red Qico"
 28124 | Depths:3 | Identified the "Vafo Ecsy"
 28124 | Elf:1    | Identified the of Ifirr
 28124 | Elf:1    | Entered Level 1 of the Elven Halls
 28191 | Orc:2    | Lost mutation: Armour fits poorly on your strangely shaped
                  | body. [potion of mutation]
 28191 | Orc:2    | Lost mutation: You sometimes lose your temper in combat.
                  | [potion of mutation]
 28191 | Orc:2    | Lost mutation: You occasionally lose the ability to read
                  | scrolls when taking damage. [potion of mutation]
 28191 | Orc:2    | Gained mutation: Your flesh is cold resistant. (rC+)
                  | [potion of mutation]
 28191 | Orc:2    | Gained mutation: You are occasionally teleported next to
                  | monsters. [potion of mutation]
 28191 | Orc:2    | Gained mutation: You are often teleported next to monsters.
                  | [potion of mutation]
 28191 | Orc:2    | Gained mutation: You are partially covered in large bone
                  | plates. (SH +4) [potion of mutation]
 28192 | Orc:2    | Lost mutation: Your flesh is cold resistant. (rC+) [potion
                  | of mutation]
 28192 | Orc:2    | Lost mutation: You are partially covered in large bone
                  | plates. (SH +4) [potion of mutation]
 28192 | Orc:2    | Lost mutation: You are very weak. (Str -4) [potion of
                  | mutation]
 28192 | Orc:2    | Gained mutation: Your body sometimes deteriorates upon
                  | taking damage. [potion of mutation]
 28193 | Orc:2    | Lost mutation: Your body sometimes deteriorates upon taking
                  | damage. [potion of mutation]
 28193 | Orc:2    | Lost mutation: You are often teleported next to monsters.
                  | [potion of mutation]
 28193 | Orc:2    | Lost mutation: You are weak. (Str -2) [potion of mutation]
 28193 | Orc:2    | Gained mutation: Your system is resistant to poisons.
                  | (rPois) [potion of mutation]
 28193 | Orc:2    | Gained mutation: Your spells are a little harder to cast,
                  | but a little more powerful. [potion of mutation]
 28287 | Elf:1    | Found Nooxtoh's Distillery.
 28319 | Elf:1    | Reached skill level 17 in Axes
 28333 | Elf:1    | Received a gift from Okawaru
 28361 | Elf:1    | Reached XP level 16. HP: 39/103 MP: 24/24
 28390 | Elf:1    | Bought a potion of mutation for 128 gold pieces
 29063 | Elf:2    | Found a huge runed translucent gate.
 29063 | Elf:2    | Found a huge runed translucent gate.
 29063 | Elf:2    | Found a huge runed translucent gate.
 29063 | Elf:2    | Found a huge runed translucent gate.
 29063 | Elf:2    | Found a huge runed translucent gate.
 29066 | Elf:2    | Received a gift from Okawaru
 29263 | Elf:2    | Paralysed by an air elemental for 1 turns
 29810 | Elf:2    | Noticed a deep elf blademaster
 29824 | Elf:2    | Killed a deep elf blademaster
 29824 | Elf:2    | Received a gift from Okawaru
 29852 | Elf:2    | Mangled by a +0 glaive of venom

Illustrated notes

Levels and vault maps discovered:
D:1:      scummos_arrival_hexagon, layout_loops_ring,
          shapermc_ecumenical_altar_totnotflames, corexii_leaking_fountain
D:2:      layout_basic, serial_shops, shop, chequers_serial_rivers_micro_e,
          minivault_14, uniq_crazy_yiuf_cottage
D:3:      layout_loops_ring, serial_shops, nicolae_book_shop_shelving
D:4:      layout_loops_ring, marbit_many_paths, amcnicky_altar_gilded,
          serial_library_hellmonk_angled_corner, minivault_26
D:5:      layout_layer_cave, dancing_weapons_uskayaw, minmay_temple_entry_glass,
          serial_shops, nicolae_shop_back_alley_shop, serial_demonic,
          serial_demonic_d, serial_demonic_c, serial_demonic_f,
          serial_demonic_g, serial_demonic_b, biasface_ghost_orc_armoury
D:6:      layout_rooms, lemuel_doored_altar
D:7:      layout_gridville, grunt_temple_overflow_opulence, serial_shops,
          nicolae_shop_tiny_statue_garden, nicolae_shop_hallway_plus, shop,
          minmay_shop_damaged, uniq_pikel, uniq_maggie
D:8:      layout_cave_pods, nicolae_tso_besieged_by_evil
D:9:      layout_loops_ring, makhleb_altar_promises_db, enter_bailey_2,
          nicolae_inconvenience_store, uniq_harold
D:10:     layout_irregular_city, nicolae_overflow_crystal_walls, orc_0_dummy,
          uniq_joseph
D:11:     layout_small_grid, erik_lair_island, roderic_st_hans_cross,
          elyvilon_altar_4
D:12:     layout_roguey [special_room_orc], minmay_shop_mayhem,
          nzn_life_drinkers
D:13:     layout_basic, minivault_5, uniq_sonja, uniq_frances
D:14:     layout_layer_cave, grunt_vaults_entry_tiered,
          kennysheep_pointless_box, gauntlet_entry_generic, minivault_16
D:15:     grunt_enter_depths_hoard, layout_cave_pods, nicolae_benzene_ring,
          uniq_jorgrun
Temple:   oiseaux_autumnal_temple
Lair:1:   dreamdust_isle_of_ice, layout_gridlike, uniq_grum
Lair:2:   layout_chaotic_city
Lair:3:   layout_gridlike, minmay_shoals_entry_centaurs,
          spider_nest_entry_web_field, uniq_rupert
Lair:4:   layout_long_grid, portal_ice_cave_entry_imps
Lair:5:   hellmonk_lair_end_abyssal_woods, layout_long_grid,
          nicolae_slime_entry_slimehenge, lemuel_fruit_tree,
          serial_bayou_shore_b
Orc:1:    layout_caves
Orc:2:    st_orc_elflike, layout_caves, basic_altar, ebering_ghost_xom
Elf:1:    minmay_elf_arrival_plus, layout_rooms, serial_shops,
          nicolae_shop_statue_plus, minmay_elf_sorcery
Elf:2:    elven_hall_of_blades_hangedman_alternative
          [nooodl_blade_entry_preview], layout_onion_city,
          small_statue_intersection

Skill      XL: |  1  2  3  4  5  6  7  8  9 10 11 12 13 14 15 16 |
---------------+-------------------------------------------------+-----
Axes           | 2 3 4 6 7 9 10 12 13 14 15 17 | 17.8
Fighting       | 3 4 5 6 8 9 10 11 12 13 | 13.1
Dodging        | 2 3 4 5 7 8 10 | 10.0
Invocations    | 3 5 7 8 |  8.0
Armour         | 4 5 6 7 8 |  8.0
Shields        | 4 5 6 |  6.6

Action                     |  1- 3 |  4- 6 |  7- 9 | 10-12 | 13-15 | 16-18 || total
---------------------------+-------+-------+-------+-------+-------+-------++-------
  Melee: War axe           |   120 |     7 |   203 |   545 |     7 |       ||   882
         Hand axe          |       |   137 |       |       |       |       ||   137
         Halberd           |       |       |       |    40 |       |       ||    40
         Punch             |       |       |       |     2 |       |       ||     2
         Broad axe         |       |       |       |    86 |  1057 |   137 ||  1280
  Throw: Dart              |       |       |       |    27 |     1 |       ||    28
 Invoke: Heroism           |       |       |     3 |    11 |    18 |     2 ||    34
         Receive Armour    |       |       |       |     1 |       |       ||     1
         Finesse           |       |       |       |       |     2 |       ||     2
  Evoke: Wand              |       |       |     5 |       |     2 |       ||     7
    Use: Scroll            |     6 |     6 |     5 |    13 |    17 |       ||    47
         Potion            |       |       |     1 |     8 |    10 |     2 ||    21
   Stab: Paralysed         |       |       |     5 |       |       |       ||     5
         Distracted        |       |       |       |       |     1 |       ||     1
         Petrified         |       |       |       |       |     1 |       ||     1
 Armour: Scale mail        |    68 |     7 |       |    34 |       |       ||   109
         Chain mail        |       |   105 |   137 |   206 |       |       ||   448
         Skin              |       |       |     2 |    15 |       |       ||    17
         Ring mail         |       |       |       |   222 |   303 |       ||   525
         Plate armour      |       |       |       |       |   246 |    89 ||   335
  Dodge: Dodged            |    54 |    49 |    94 |   402 |   362 |    38 ||   999
  Block: Buckler           |    20 |    43 |   124 |   303 |   279 |       ||   769
         Reflection        |       |     1 |     6 |     2 |    22 |     1 ||    32
         Other             |       |       |       |    43 |       |       ||    43
         Kite shield       |       |       |       |       |   334 |   115 ||   449

Table legend: (Time is in decaauts)
 A = Elapsed time spent in this place.
 B = Non-inter-level travel time spent in this place.
 C = Inter-level travel time spent in this place.
 D = Time resting spent in this place.
 E = Time spent auto-exploring this place.
 F = Levels seen in this place.
 G = Mean time per level.
                   A        B        C        D        E       F      G
               +--------+--------+--------+--------+--------+-----+--------+
         Total |  29800 |  27941 |   1859 |   3896 |  17057 |  29 | 1027.6 |
       Dungeon |  15652 |  14204 |   1448 |   1049 |  10039 |  15 | 1043.5 |
        Temple |     56 |      3 |     53 |      0 |      0 |   1 |   56.0 |
          Lair |   6385 |   6178 |    207 |    776 |   4080 |   5 | 1277.0 |
  Orcish Mines |   1781 |   1653 |    128 |    251 |    990 |   2 |  890.5 |
   Elven Halls |   1653 |   1631 |     22 |      2 |   1197 |   2 |  826.5 |
         Abyss |   1143 |   1143 |      0 |    709 |     24 |   1 | 1143.0 |
        Bailey |   1975 |   1975 |      0 |    470 |    725 |   1 | 1975.0 |
      Ice Cave |    572 |    572 |      0 |    421 |      0 |   1 |  572.0 |
      Gauntlet |    580 |    580 |      0 |    217 |      1 |   1 |  580.0 |
               +--------+--------+--------+--------+--------+-----+--------+

Top non-repeatable levels by time:
  Bailey: 1975 daAuts
  Lair:5: 1917 daAuts
  Lair:1: 1761 daAuts
    D:13: 1745 daAuts
    D:12: 1584 daAuts
     D:5: 1436 daAuts
     D:7: 1336 daAuts
     D:8: 1296 daAuts
    D:10: 1285 daAuts
 Abyss:1: 1143 daAuts
     D:2: 1105 daAuts
  Lair:2: 1059 daAuts
   Orc:2: 1053 daAuts
     D:9: 1046 daAuts
    D:14: 1045 daAuts
